 Dungeon Crawl Stone Soup version 0.30-a0-718-geaa24f58ff (webtiles) character file.

Game seed: 15765806436586775158

432 Irreverend the Grave Robber (level 6, -6/32 HPs)
             Began as a Deep Elf Necromancer on Jan 25, 2023.
             Killed from afar by an orc priest (11 damage)
             ... with a bolt of acid
             ... on level 5 of the Dungeon.
             The game lasted 00:08:10 (2862 turns).

Irreverend the Grave Robber (Deep Elf Necromancer)  Turns: 2862, Time: 00:08:11

Health: -6/32      AC:  2    Str:  5    XL:     6   Next: 67%
Magic:  9/16       EV: 13    Int: 22    God:
Gold:   214        SH:  0    Dex: 15    Spells: 15/16 levels left

rFire   . . .      SeeInvis .    c - staff of conjuration
rCold   . . .      Faith    .    (no shield)
rNeg    . . .      Spirit   .    a - +0 robe
rPois   .          Reflect  .    (no helmet)
rElec   .          Harm     .    (no cloak)
rCorr   .          Rampage  .    (no gloves)
Will    .....                    (no boots)
Stlth   ++                       (no amulet)
HPRegen 0.25/turn                (no ring)
MPRegen 0.15/turn                (no ring)

@: no status effects
A: no striking features
a: no special abilities


You were on level 5 of the Dungeon.
You visited 1 branch of the dungeon, and saw 4 of its levels.

You collected 214 gold pieces.

Inventory:

Missiles
 n - a throwing net
Armour
 a - a +0 robe (worn)
Magical Staves
 c - a staff of conjuration (weapon)
Jewellery
 d - an amulet of the acrobat
 m - an amulet of magic regeneration
Wands
 o - a wand of flame (14)
Scrolls
 e - a scroll of silence {unknown}
 f - 4 scrolls of identify {unknown}
 g - a scroll of fog {unknown}
 i - a scroll of poison {unknown}
 j - 2 scrolls of enchant armour {unknown}
 k - a scroll of fear {unknown}
 q - a scroll of blinking {unknown}
 r - a scroll of butterflies {unknown}
Potions
 b - a potion of magic
 h - a potion of attraction {unknown}
 l - a potion of brilliance {unknown}
 p - a potion of invisibility {unknown}


   Skills:
 + Level 4.2 Dodging
 - Level 3.1 Stealth
 * Level 5.9 Spellcasting
 + Level 2.3 Conjurations
 * Level 6.8 Necromancy


You had 15 spell levels left.
You knew the following spells:

 Your Spells              Type           Power      Damage    Failure   Level
a - Necrotise             Necr           100%       1d9       1%          1

Your spell library contained the following spells:

 Spells                   Type           Power      Damage    Failure   Level
 Vampiric Draining        Necr           36%        2d8       1%          3
 Animate Dead             Necr           36%        N/A       5%          4
 Agony                    Necr           36%        N/A       16%         5
 Ignite Poison            Fire/Tmut/Pois 6%         N/A       28%         3
 Kindle Blastsparks       Fire/Tloc/Air  12%        2d11      28%         3
 Freezing Cloud           Conj/Ice/Air   7%         6-21      88%         5


Dungeon Overview and Level Annotations

Branches:
Dungeon (5/15)
 Temple: D:4-7

Altars:
Hepliaklqana

Shops:
D:1 (


Message History

Aim: an orc priest, wielding a +0 dagger (almost dead, chance to affect: 83%)
The orc writhes in agony.
The orc priest zaps a wand.
The bolt of acid misses you. The orc barely misses you.
Casting: Necrotise (safe; 1% risk of failure)
Confirm with . or Enter, or press ? or * to list all spells.
Aiming: Necrotise (safe; 1% risk of failure)
Press: ? - help, Shift-Dir - straight line, f/p - orc priest
Aim: an orc priest, wielding a +0 dagger (almost dead, chance to affect: 83%)
The orc barely resists.
The orc hits you with a +0 flail.
* * * LOW HITPOINT WARNING * * *
The orc priest looks encouraged for a moment.
Casting: Necrotise (safe; 1% risk of failure)
Confirm with . or Enter, or press ? or * to list all spells.
Aiming: Necrotise (safe; 1% risk of failure)
Press: ? - help, Shift-Dir - straight line, f/p - orc priest
Aim: an orc priest, wielding a +0 dagger (almost dead, chance to affect: 83%)
The orc writhes in agony.
You kill the orc!
The dead are walking!
The orc priest calls upon Beogh to heal the orc priest.
The orc priest is healed somewhat.
The orc priest hits your orc skeleton with a +0 dagger.
The orc priest hits your orc skeleton with a +0 dagger.
Casting: Necrotise (safe; 1% risk of failure)
Confirm with . or Enter, or press ? or * to list all spells.
Aiming: Necrotise (safe; 1% risk of failure)
Press: ? - help, Shift-Dir - straight line, f - orc priest, p - orc priest
Aim: an orc priest, wielding a +0 whip, wearing a +0 ring mail and carrying a wand of acid (6) (chance to affect: 83%)
The orc priest writhes in agony!
Your orc skeleton closely misses the orc priest.
The orc priest hits your orc skeleton with a +0 dagger.
Your orc skeleton is destroyed!
Casting: Necrotise (safe; 1% risk of failure)
Confirm with . or Enter, or press ? or * to list all spells.
Aiming: Necrotise (safe; 1% risk of failure)
Press: ? - help, Shift-Dir - straight line, f/p - orc priest
Aim: an orc priest, wielding a +0 whip, wearing a +0 ring mail and carrying a wand of acid (6) (heavily wounded, chance to affect: 83%)
The orc priest writhes in agony.
The orc priest zaps a wand.
The bolt of acid hits you!
You die...

..#..... ...$...# #
..o....# .# ..
...##.##.# #
...#.##.#...#.##.
..?..[..o# ....
...####.)# ..#
#..o###..##.# ...
#...@.......#
.......#........#
.###.#####.#.##.##.#
...... #.#.# #
......####.#.#
#(....>.....#####
#.................
##.#.......#####
#.###(#.#


You could see 2 orc priests.

Vanquished Creatures
  Sigmund (D:3)
  A hound (D:5)
  An orc priest (D:3)
  An iguana (D:5)
  5 adders
  7 gnolls
  A dart slug (D:2)
  5 orcs
  3 endoplasms
  3 giant cockroaches
  2 hobgoblins (D:2)
  3 jackals (D:1)
  3 quokkas (D:3)
  3 ball pythons
  10 bats
  A frilled lizard (D:2)
  A goblin (D:1)
  7 kobolds
  3 rats
61 creatures vanquished.

Vanquished Creatures (collateral kills)
  An orc (D:5)
  A ball python (D:1)
  An endoplasm (D:1)
  A goblin (D:1)
  A jackal (D:1)
  A quokka (D:3)
  A frilled lizard (D:3)
  A rat (D:1)
8 creatures vanquished.

Vanquished Creatures (others)
  An orc (D:3)
  34 plants (D:3)
35 creatures vanquished.

Grand Total: 104 creatures vanquished

Notes
Turn   | Place    | Note
-------+----------+-------------------------------------------
     0 | D:1      | Irreverend the Deep Elf Necromancer began the quest for the
                  | Orb.
     0 | D:1      | Reached XP level 1. HP: 10/10 MP: 6/6
   326 | D:1      | Reached skill level 5 in Necromancy
   326 | D:1      | Reached XP level 2. HP: 15/15 MP: 6/8
   486 | D:1      | Reached XP level 3. HP: 19/19 MP: 0/10
   597 | D:1      | Found Diqybew's Antique Weapon Shoppe.
  1554 | D:2      | Reached XP level 4. HP: 15/24 MP: 8/12
  1747 | D:3      | Reached skill level 1 in Conjurations
  1921 | D:3      | Reached skill level 6 in Necromancy
  1921 | D:3      | Reached XP level 5. HP: 7/28 MP: 4/14
  2056 | D:3      | Noticed Sigmund
  2072 | D:3      | Killed Sigmund
  2073 | D:3      | Reached skill level 5 in Spellcasting
  2073 | D:3      | Reached XP level 6. HP: 20/32 MP: 7/16
  2371 | D:3      | Found a hazy altar of Hepliaklqana.
  2716 | D:3      | You fall into a shaft and drop 2 floors!
  2716 | D:5      | Entered Level 5 of the Dungeon
  2862 | D:5      | Killed from afar by an orc priest

Illustrated notes

Levels and vault maps discovered:
D:1:      evilmike_arrival_plus, layout_basic, serial_shops,
          nicolae_diamond_shop, minmay_small_reverse_x
D:2:      layout_loops_ring
D:3:      wad_woods_stonehenge, layout_loops_ring, serial_bayou,
          serial_bayou_shore_b, serial_bayou_pond_c, serial_bayou_shore_b,
          serial_bayou_lagoon_a, lemuel_flame_loot_1, uniq_sigmund
D:5:      layout_loops_cross, zin_scriptorium, uniq_blork_the_orc

Skill      XL: |  1  2  3  4  5 |
---------------+----------------+-----
Necromancy     | 5 6 |  6.8
Stealth        | 3 |  3.1
Dodging        | 3 4 |  4.2
Spellcasting   | 4 5 |  5.9
Conjurations   | 1 2 |  2.3

Action                     |  1- 3 |  4- 6 || total
---------------------------+-------+-------++-------
  Melee: Staff             |       |     2 ||     2
   Cast: Necrotise         |    56 |    70 ||   126
 Armour: Robe              |     8 |     3 ||    11
  Dodge: Dodged            |    19 |    23 ||    42

Table legend: (Time is in decaauts)
 A = Elapsed time spent in this place.
 B = Non-inter-level travel time spent in this place.
 C = Inter-level travel time spent in this place.
 D = Time resting spent in this place.
 E = Time spent auto-exploring this place.
 F = Levels seen in this place.
 G = Mean time per level.
                   A        B        C        D        E       F      G
               +--------+--------+--------+--------+--------+-----+--------+
         Total |   2861 |   2824 |     37 |    842 |   1502 |   4 |  715.2 |
       Dungeon |   2861 |   2824 |     37 |    842 |   1502 |   4 |  715.2 |
               +--------+--------+--------+--------+--------+-----+--------+

Top non-repeatable levels by time:
     D:3: 1010 daAuts
     D:2: 866 daAuts
     D:1: 838 daAuts
     D:5: 145 daAuts
